cohdb
Replays
Latest Replays
All Replays
Popular Replays
Top Player Replays
Match Explorer
How It Works
Community
CoH3 Stats
Reddit
Sign in to upload your games and track your stats! →
Sign in with Steam
Match 35768792
Unlisted
Match 35768792
Overview
Messages
Build Orders
End
Construct Barracks
Riflemen Squad
Riflemen Squad
M1 Mortar Team
Grenade Package
Selects Advanced Infantry Battlegroup
Riflemen Squad
Mechanized Support Center
Selects Convert to Ranger Squad
Convert to Ranger Squad
Engineer Squad
Construct Tank Depot
Selects Ammunition Storage
Selects M2A1 105mm Howitzer Emplacement
M4A1 Sherman Medium Tank
M4A1 76mm Conversion
Selects Free Fire Drills
Ranger Squad
Improvised Armor
Selects Frontline Medical Station
M4A1(76) Sherman Medium Tank
Selects Infantry Assault
Infantry Assault
Designate Forward Repair Station
Infantry Assault
Frontline Medical Station
M1918 Browning Automatic Rifles
Infantry Assault
M18 Hellcat Tank Destroyer
Etgo
Hk
MuniekPL
Husar
0
0
Comments
sign in to comment!
No comments posted yet!